 Dungeon Crawl Stone Soup version 0.31-a0-210-gccc998df9b (webtiles) character file.

Game seed: 14348880854148038589

151 qw the Shooter (level 5, 0/30 HPs)
             Began as a Gargoyle Hexslinger on June 30, 2023.
             Slain by a gnoll
             ... wielding a +0 flail
             ... led by a gnoll sergeant
              (5 damage)
             ... on level 3 of the Dungeon.
             The game lasted 00:00:51 (2528 turns).

qw the Shooter (Gargoyle Hexslinger)                Turns: 2528, Time: 00:00:52

Health: 0/30       AC:  9    Str: 11    XL:     5   Next: 33%
Magic:  6/6        EV: 15    Int: 14    God:
Gold:   112        SH:  0    Dex: 14    Spells: 5/6 levels left

rFire   . . .        Y - +1 sling (drain)
rCold   . . .        (no shield)
rNeg    + . .        g - +0 ring mail
rPois   inf          (no helmet)
rElec   +            (no cloak)
rCorr   .            (no gloves)
SInv    .            (no boots)
Will    .....        j - amulet of faith
Stlth   +            c - +5 ring of evasion
HPRegen 0.25/turn    (no ring)
MPRegen 0.10/turn

%: faith
@: no status effects
A: sickness immunity, AC +4, negative energy resistance 1, electricity
resistance, torment resistance 1, petrification resistance
a: no special abilities


You were on level 3 of the Dungeon.
You visited 1 branch of the dungeon, and saw 4 of its levels.

You collected 112 gold pieces.


Innate Abilities, Weirdness & Mutations

You are immune to sickness and miasma.
Your stone body is resilient. (AC +4)
You are immune to poison.
You resist negative energy. (rN+)
You are resistant to electric shocks. (rElec)
You are resistant to unholy torment.
You are immune to petrification.


   Skills:
 + Level 2.0 Fighting
 - Level 5.0 Ranged Weapons
 - Level 1.0 Armour
 - Level 1.5 Dodging
 - Level 1.0 Spellcasting
 - Level 2.6 Hexes


You had 5 spell levels left.
You knew the following spells:

 Your Spells              Type           Power      Damage    Failure   Level
a - Slow                  Hex            32%        N/A       21%         1

Your spell library contained the following spells:

 Spells                   Type           Power      Damage    Failure   Level
 Inner Flame              Hex/Fire       4%         N/A       71%         3
 Portal Projectile        Hex/Tloc       8%         N/A       71%         3
 Cause Fear               Hex            4%         N/A       90%         4

Inventory:

Hand Weapons
 Y - a +1 sling of draining (weapon)
Armour
 g - a +0 ring mail (worn)
Jewellery
 c - a +5 ring of evasion (left hand)
 j - an amulet of faith (around neck)
Wands
 e - a wand of digging (1)
Scrolls
 a - a scroll of teleportation
 b - 2 scrolls of identify
Potions
 h - a potion of heal wounds
 k - a potion of curing

Dungeon Overview and Level Annotations

Branches:
Dungeon (4/15)
 Temple: D:4-7

Altars:
Kikubaaqudgha
Nemelex Xobeh
Okawaru
Uskayaw
Wu Jian
Yredelemnul

Shops:
D:3 (


Message History

The gnoll sergeant barely misses you. The gnoll hits you with a +0 whip.
The gnoll sergeant hits you from afar with a +4 spear!
The gnoll hits you but does no damage.
2520 ||| STAIRDANCE The gnoll sergeant misses you.
The gnoll misses you. The gnoll hits you with a +0 flail. The gnoll misses you.
You climb upwards.
There is a stone staircase leading down here.
Enter note:
Enter note:
Enter note:
Enter note:
Enter note:
Enter note: You shoot a sling bullet.
The sling bullet hits the gnoll.
The gnoll is lightly wounded.
The gnoll hits you but does no damage. The gnoll closely misses you.
You shoot a sling bullet. The sling bullet hits the gnoll.
You drain the gnoll.
The gnoll is severely wounded.
The gnoll misses you. The gnoll barely misses you.
You shoot a sling bullet.
The sling bullet barely misses the gnoll.
The gnoll hits you with a +0 whip. The gnoll hits you with a +0 flail.
The gnoll closely misses you. The gnoll misses you.
You shoot a sling bullet.
The sling bullet hits the gnoll but does no damage.
You drain the gnoll.
The gnoll is almost dead.
The gnoll completely misses you. The gnoll misses you.
You shoot a sling bullet.
The sling bullet closely misses the gnoll.
The gnoll hits you with a +0 whip. The gnoll completely misses you.
You shoot a sling bullet.
The sling bullet barely misses the gnoll.
The gnoll hits you but does no damage. The gnoll barely misses you.
You shoot a sling bullet.
The sling bullet closely misses the gnoll.
The gnoll hits you but does no damage. The gnoll barely misses you.
The gnoll hits you with a +0 whip. The gnoll hits you with a +0 flail.
You die...

..# ..### #######
....### ###
####...).. ###...#
#.###....##### #
###.## #..##.########
# #..# #.......#.....
# ##.####
##.#..#....... ##
#....##
######.##....##### .#
####..##
#@g..........# # .###
##..##
#g.......###.## ...#
##..# #.......##
#..## ##.# ##.#
#.......# ##..## ##.#
#.###..<....# ##..##
.#.###
#..##.......### ##..#
.#...#
##.##.........# ##.#
.###(# #.##.......#.#
#.# .# #.#
#.##.......#.######..


You could see 2 gnolls.

Vanquished Creatures
  2 orc priests (D:3)
  2 adders
  3 worms (D:2)
  2 dart slugs (D:3)
  3 orcs (D:3)
  2 ball pythons (D:1)
  2 bats
  7 endoplasms
  A giant cockroach (D:3)
  4 goblins
  7 hobgoblins
  A jackal (D:2)
  6 quokkas
  3 frilled lizards
  3 kobolds
  5 rats
53 creatures vanquished.

Notes
Turn   | Place    | Note
-------+----------+-------------------------------------------
     0 | D:1      | qw the Gargoyle Hexslinger began the quest for the Orb.
     0 | D:1      | Reached XP level 1. HP: 12/12 MP: 2/2
     0 | D:1      | 0 ||| qw: Version: 0.3-a-24-ga2abf7b
     0 | D:1      | 0 ||| qw: Game counter: 7107
     0 | D:1      | 0 ||| qw: Melee chars always use a shield: true
     0 | D:1      | 0 ||| qw: God list: Okawaru
     0 | D:1      | 0 ||| qw: Allow faded altars: false
     0 | D:1      | 0 ||| qw: Do Orc after clearing Dungeon:15 true
     0 | D:1      | 0 ||| qw: Do second Lair branch before Depths: true
     0 | D:1      | 0 ||| qw: Lair rune preference: random
     0 | D:1      | 0 ||| qw: Goals: Normal
     0 | D:1      | 0 ||| PLANNING D:1-11
   259 | D:1      | Reached XP level 2. HP: 16/16 MP: 3/3
   312 | D:1      | Reached skill level 3 in Ranged Weapons
   594 | D:1      | Reached XP level 3. HP: 21/21 MP: 4/4
   891 | D:1      | 891 ||| UPGRADING to +0 ring mail.
   901 | D:1      | 901 ||| DROPPING +0 robe.
   902 | D:1      | 902 ||| READING scroll labelled GEOTZUWOAH.
   903 | D:1      | 903 ||| READING scroll labelled FECARA SIBBI.
   908 | D:1      | 908 ||| READING scroll labelled IRCHUXZONAE.
   909 | D:1      | 909 ||| READING scroll labelled ZOTEUZX JULA.
   910 | D:1      | 910 ||| READING scroll labelled HEIKHL NUMENE.
   911 | D:1      | 911 ||| DROPPING scroll of poison.
  1475 | D:2      | Found a faded altar of an unknown god.
  1570 | D:2      | Reached XP level 4. HP: 22/26 MP: 5/5
  1849 | D:2      | 1849 ||| DRINKING 2 brown potions.
  1898 | D:3      | 1898 ||| FLEEEEING.
  2065 | D:3      | Found Gengump's Weapon Emporium.
  2095 | D:3      | Reached skill level 4 in Ranged Weapons
  2106 | D:3      | Reached skill level 1 in Armour
  2277 | D:3      | Found an iron altar of Okawaru.
  2364 | D:3      | Reached XP level 5. HP: 15/30 MP: 6/6
  2373 | D:3      | Reached skill level 5 in Ranged Weapons
  2454 | D:3      | Found a basalt altar of Yredelemnul.
  2454 | D:3      | Found a sparkling altar of Nemelex Xobeh.
  2455 | D:3      | Found an ornate altar of the Wu Jian Council.
  2456 | D:3      | Found a hide-covered altar of Uskayaw.
  2458 | D:3      | Found an ancient bone altar of Kikubaaqudgha.
  2460 | D:3      | 2460 ||| UPGRADING to amulet of faith.
  2465 | D:3      | 2465 ||| UPGRADING to +5 ring of evasion.
  2466 | D:3      | 2466 ||| READING scroll labelled CIKHLO KEISHISI.
  2467 | D:3      | 2467 ||| DRINKING 2 metallic orange potions.
  2468 | D:3      | 2468 ||| READING 4 scrolls of identify.
  2468 | D:3      | 2468 ||| IDENTIFYING viscous silvery potion
  2469 | D:3      | 2469 ||| READING 3 scrolls of identify.
  2469 | D:3      | 2469 ||| IDENTIFYING inky potion
  2470 | D:3      | 2470 ||| DROPPING potion of invisibility.
  2471 | D:3      | 2471 ||| DROPPING potion of brilliance.
  2520 | D:4      | 2520 ||| STAIRDANCE
  2528 | D:3      | HP: 5/30 [gnoll/+0 whip[a gnoll sergeant] (3)]
  2528 | D:3      | Slain by a gnoll

Levels and vault maps discovered:
D:1:      minmay_arrival_widening_spiral_narrow, layout_loops_ring,
          minmay_misc_feat_square, due_unseen_surprise
D:2:      layout_loops_corners, hellmonk_ecumenical_altar_leap_of_faith,
          minmay_unequal
D:3:      layout_rooms, lemuel_doored_altar, minitemple, serial_shops, shop
D:4:      layout_loops_cross, mainiacjoe_overflow_concentric_impassable,
          lemuel_tele_altar, minmay_a_box_with_orc_wizards_in_it

Skill      XL: |  1  2  3  4  5 |
---------------+----------------+-----
Ranged Weapons | 3 4 5 |  5.0
Fighting       | 2 |  2.0
Armour         | 1 |  1.0
Dodging        | |  1.5
Spellcasting   | |  1.0
Hexes          | |  2.6

Action                     |  1- 3 |  4- 6 || total
---------------------------+-------+-------++-------
   Fire: Sling             |   117 |    71 ||   188
    Use: Scroll            |     5 |     3 ||     8
         Potion            |       |     2 ||     2
 Armour: Robe              |     6 |       ||     6
         Ring mail         |     9 |    30 ||    39
  Dodge: Dodged            |    48 |    40 ||    88

Table legend:
 A = Non-vault XP
 B = Vault XP
 C = Vault XP percentage of total XP
 D = Non-vault monster count
 E = Vault monster count
 F = Vault count percentage of total count
                 A         B        C        D         E       F
            +---------+---------+-------+---------+---------+-------
      Total |     204 |      12 |   5.6 |      48 |       5 |   9.4
            +---------+---------+-------+---------+---------+-------
        D:1 |      37 |       0 |   0.0 |      21 |       0 |   0.0
        D:2 |      33 |      12 |  26.7 |       8 |       5 |  38.5
        D:3 |     134 |       0 |   0.0 |      19 |       0 |   0.0
            +---------+---------+-------+---------+---------+-------
